 Dungeon Crawl Stone Soup version 0.31-a0-200-gbc41564c69 (webtiles) character file.

Game seed: 15474140104632307968

70 qw the Shooter (level 4, 0/25 HPs)
             Began as a Deep Elf Hunter on June 25, 2023.
             Constricted to death by Ijyb (5 damage)
             ... on level 3 of the Dungeon.
             The game lasted 00:00:36 (1542 turns).

qw the Shooter (Deep Elf Hunter)                    Turns: 1542, Time: 00:00:37

Health: 0/25       AC:  4    Str: 10    XL:     4   Next: 3%
Magic:  6/6        EV:  9    Int: 14    God:
Gold:   157        SH:  0    Dex: 18    Spells: 3/3 levels left

rFire   . . .        Y - +1 shortbow
rCold   . . .        (shield currently unavailable)
rNeg    + . .        c - +0 leather armour
rPois   .            f - +0 helmet
rElec   .            (no cloak)
rCorr   .            (no gloves)
SInv    .            (no boots)
Will    .....        (no amulet)
Stlth   ++           i - ring of positive energy
HPRegen 0.24/turn    (no ring)
MPRegen 0.10/turn

%: no passive effects
@: grasped by roots, constricted
A: no striking features
a: no special abilities


You were on level 3 of the Dungeon.
You visited 1 branch of the dungeon, and saw 3 of its levels.

You collected 157 gold pieces.


   Skills:
 - Level 1.5 Fighting
 + Level 7.4 Ranged Weapons
 - Level 2.4 Dodging
 - Level 1.2 Stealth


You had 3 spell levels left.
You didn't know any spells.
Your spell library was empty.

Inventory:

Hand Weapons
 Y - a +1 shortbow (weapon)
Armour
 c - a +0 leather armour (worn)
 f - a +0 helmet (worn)
Jewellery
 i - a ring of positive energy (left hand)
Scrolls
 d - 2 scrolls of identify
Potions
 a - a potion of ambrosia {unknown}
 b - a potion of brilliance {unknown}
 e - a potion of magic {unknown}
 g - 3 potions of curing
 h - 2 potions of mutation {unknown}

Dungeon Overview and Level Annotations

Branches:
Dungeon (3/15)

Altars:

Annotations:
D:3 Ijyb


Message History

The goblin is severely wounded.
The goblin hits you but does no damage.
A goblin comes into view. It is wielding a +0 dagger. x2
The goblin barely misses you.
You shoot an arrow. The arrow misses the goblin.
The goblin closely misses you. The goblin completely misses you.
You shoot an arrow. The arrow hits the goblin!
You kill the goblin!
The goblin hits you but does no damage.
You shoot an arrow. The arrow hits the goblin.
You kill the goblin!
You have reached level 4!
You feel clever.
You shoot an arrow. The arrow closely misses Ijyb.
The arrow misses the goblin.
Ijyb zaps a wand.
The roots erupt in riotous growth!
The grasping roots grab you! The grasping roots constrict you.
You shoot an arrow. The arrow hits Ijyb!
Ijyb is heavily wounded.
The grasping roots constrict you.
The grasping roots release their grip on you.
You shoot an arrow. The arrow hits Ijyb but does no damage.
Ijyb is heavily wounded.
Ijyb hits you with a +0 dagger. The goblin hits you but does no damage.
You shoot an arrow. The arrow hits Ijyb.
Ijyb is severely wounded.
Ijyb barely misses you. The goblin misses you.
You shoot an arrow. The arrow closely misses Ijyb.
The arrow hits the goblin!
You kill the goblin!
The goblin barely misses you.
Ijyb zaps a wand.
The roots erupt in riotous growth!
The grasping roots grab you!
Ijyb is unaffected.
The goblin is unaffected.
The grasping roots constrict you.
You shoot an arrow. The arrow hits Ijyb.
Ijyb is almost dead.
The goblin hits you with a +0 dagger. Ijyb hits you but does no damage.
The grasping roots constrict you.
You shoot an arrow. The arrow hits Ijyb.
Ijyb is almost dead.
Ijyb hits you with a +0 dagger. The grasping roots constrict you.
You die...

#.### #...###
###..)## .
###..# .. ##.##
... #..# ....
##.## ....[
#..######8.....
##.....@gg.....
#######g....?.
#######


You could see Ijyb and 2 goblins.

Vanquished Creatures
  An adder (D:3)
  2 worms (D:2)
  3 ball pythons
  3 bats
  2 endoplasms
  2 giant cockroaches
  4 hobgoblins
  12 jackals
  3 kobolds
  2 quokkas
  2 frilled lizards (D:2)
  8 goblins
  2 rats (D:3)
46 creatures vanquished.

Notes
Turn   | Place    | Note
-------+----------+-------------------------------------------
     0 | D:1      | qw the Deep Elf Hunter began the quest for the Orb.
     0 | D:1      | Reached XP level 1. HP: 12/12 MP: 3/3
     0 | D:1      | 0 ||| qw: Version: 0.3-a-22-g0ed2b0b
     0 | D:1      | 0 ||| qw: Game counter: 5620
     0 | D:1      | 0 ||| qw: Melee chars always use a shield: true
     0 | D:1      | 0 ||| qw: God list: Okawaru
     0 | D:1      | 0 ||| qw: Allow faded altars: false
     0 | D:1      | 0 ||| qw: Do Orc after clearing Dungeon:15 true
     0 | D:1      | 0 ||| qw: Do second Lair branch before Depths: true
     0 | D:1      | 0 ||| qw: Lair rune preference: random
     0 | D:1      | 0 ||| qw: Goals: Normal
     0 | D:1      | 0 ||| PLANNING D:1-11
     6 | D:1      | Noticed a hog
     6 | D:1      | Noticed a black bear
     6 | D:1      | Noticed a swamp worm
     7 | D:1      | Noticed a snapping turtle
     7 | D:1      | Noticed a killer bee
   118 | D:1      | Reached XP level 2. HP: 16/16 MP: 4/4
   145 | D:1      | Reached skill level 6 in Ranged Weapons
   209 | D:1      | Found a faded altar of an unknown god.
   559 | D:1      | 559 ||| UPGRADING to +0 helmet.
   564 | D:1      | 564 ||| UPGRADING to ring of positive energy.
   565 | D:1      | 565 ||| READING scroll labelled TENECV HEM UWI.
   566 | D:1      | 566 ||| READING scroll labelled LOISHIO WUSUCS.
   567 | D:1      | 567 ||| READING scroll labelled EGEUTH OMINIUS.
   568 | D:1      | 568 ||| DROPPING scroll of butterflies.
   697 | D:2      | Reached XP level 3. HP: 20/20 MP: 5/5
   877 | D:2      | Reached skill level 7 in Ranged Weapons
  1115 | D:2      | 1115 ||| DROPPING ring of flight.
  1116 | D:2      | 1116 ||| READING scroll labelled MUQ FABRUIBY.
  1117 | D:2      | 1117 ||| READING 2 scrolls labelled ANNAYRCH MUPNU.
  1118 | D:2      | 1118 ||| DRINKING 3 brown potions.
  1120 | D:2      | 1120 ||| Stepping ~*~*~tactically~*~*~ (cloud).
  1120 | D:2      | HP: 5/20 [poisoned by you (poison gas)]
  1121 | D:2      | 1121 ||| DRINKING 2 potions of curing.
  1121 | D:2      | 1121 ||| (to cure poison)
  1530 | D:3      | Noticed Ijyb
  1536 | D:3      | Reached XP level 4. HP: 25/25 MP: 6/6
  1542 | D:3      | HP: 5/25 [Ijyb/+0 dagger (4)]
  1542 | D:3      | Constricted to death by Ijyb

Levels and vault maps discovered:
D:1:      onia_arrival_zoo_common, layout_rooms,
          chequers_ecumenical_altar_grove, nicolae_titane
D:2:      layout_rooms
D:3:      kennysheep_the_goblin_king, layout_basic,
          grunt_temple_overflow_diamond

Skill      XL: |  1  2  3 |
---------------+----------+-----
Ranged Weapons | 6 7 |  7.4
Fighting       | |  1.5
Dodging        | |  2.4
Stealth        | |  1.2

Action                     |  1- 3 |  4- 6 || total
---------------------------+-------+-------++-------
   Fire: Shortbow          |   122 |     7 ||   129
    Use: Scroll            |     5 |       ||     5
         Potion            |     2 |       ||     2
 Armour: Leather armour    |    14 |     2 ||    16
  Dodge: Dodged            |    47 |     3 ||    50

Table legend:
 A = Non-vault XP
 B = Vault XP
 C = Vault XP percentage of total XP
 D = Non-vault monster count
 E = Vault monster count
 F = Vault count percentage of total count
                 A         B        C        D         E       F
            +---------+---------+-------+---------+---------+-------
      Total |      94 |       6 |   6.0 |      43 |       3 |   6.5
            +---------+---------+-------+---------+---------+-------
        D:1 |      31 |       0 |   0.0 |      16 |       0 |   0.0
        D:2 |      40 |       0 |   0.0 |      19 |       0 |   0.0
        D:3 |      23 |       6 |  20.7 |       8 |       3 |  27.3
            +---------+---------+-------+---------+---------+-------
